 Dungeon Sprint DCSS version 0.29.1-15-g9cfb28693d (webtiles) character file.

Game seed: 1212678313739455642

1610 Groucho the Fighter (level 8, 0/86 HPs)
             Began as a Naga Fighter on Apr 26, 2023.
             Was an Elder of Cheibriados.
             Slain by a centaur warrior (2 damage)
             ... in the Dungeon (Sprint IX: "|||||||||||||||||||||||||||||").
             The game lasted 00:02:01 (1548 turns).

Groucho the Fighter (Naga Fighter)                  Turns: 1548, Time: 00:02:02

Health: 0/86       AC: 14    Str: 30    XL:     8   Next: 95%
Magic:  13/13      EV:  7    Int: 18    God:    Cheibriados [****..]
Gold:   0          SH:  7    Dex: 22    Spells: 7/7 levels left

rFire   . . .      SeeInvis +   a - +1 broad axe (elec)
rCold   . . .      Faith    .   c - +0 buckler
rNeg    . . .      Spirit   .   b - +0 plate armour
rPois   +          Reflect  .   (no helmet)
rElec   .          Harm     .   l - +0 cloak
rCorr   .          Rampage  .   m - +0 pair of gloves
Will    +....      NoTele   +   (no barding)
Stlth   ..........              (no amulet)
HPRegen 0.24/turn               o - +3 ring of strength
MPRegen 0.13/turn               n - +2 ring of evasion

@: very slow
A: AC +2, large, see invisible, deformed body, poison resistance, slowness 2,
spit poison 1, naga tail 1
a: Spit Poison, Renounce Religion, Bend Time, Temporal Distortion, Slouch


You were in the Dungeon.
You worshipped Cheibriados.
Cheibriados was greatly pleased with you.
You visited 1 branch

Inventory:

Hand Weapons
 a - a +1 broad axe of electrocution (weapon)
Armour
 b - a +0 plate armour (worn)
 c - a +0 buckler (worn)
 l - a +0 cloak (worn)
 m - a +0 pair of gloves (worn)
Jewellery
 n - a +2 ring of evasion (right hand)
 o - a +3 ring of strength (left hand)
Wands
 k - a wand of roots (10)
Scrolls
 i - 2 scrolls of amnesia
 j - a scroll of blinking
Potions
 e - 5 potions of curing
 h - 4 potions of magic


   Skills:
 + Level 9.7 Fighting
 + Level 9.4 Axes
 + Level 8.1 Armour
 + Level 8.9 Shields
 + Level 7.6 Invocations


You had 7 spell levels left.
You didn't know any spells.
Your spell library was empty.

Dungeon Overview and Level Annotations

Branches:
Dungeon (1/1)

Altars:
Cheibriados
Dithmenos
Elyvilon
Fedhas
Gozag
Hepliaklqana
Kikubaaqudgha
Makhleb
Nemelex Xobeh
Okawaru
Qazlal
Ru
Sif Muna
Trog
Uskayaw
Vehumet
Wu Jian
Xom
Yredelemnul
Zin
The Shining One
Jiyva
Lugonu


Innate Abilities, Weirdness & Mutations

Your serpentine skin is tough. (AC +2)
You have supernaturally acute eyesight. (SInv)
Armour fits poorly on your strangely shaped body.
Your system is resistant to poisons. (rPois)
You cover ground very slowly.
You can spit poison.
You have a snake-like lower body.


Message History

The green ugly thing is heavily wounded.
The orc wizard casts a spell.
The orc wizard flickers and vanishes for a moment.
The green ugly thing engulfs you.
Unknown command.
You closely miss the green ugly thing.
The green ugly thing is heavily wounded.
The green ugly thing engulfs you!
* * * LOW HITPOINT WARNING * * *
Unknown command.
Unknown command.
You feel much better. The green ugly thing engulfs you!
Unknown command.
Unknown command.
You completely miss the green ugly thing.
The green ugly thing is heavily wounded.
The green ugly thing engulfs you.
You slash the green ugly thing!
Lightning courses through the green ugly thing!
You kill the green ugly thing!
Cheibriados thoroughly appreciates the change of pace.
You can now inflict damage on those overly hasty.
Cheibriados raises the support of your attributes as your movement slows.
The centaur warrior wields a +0 shortbow.
The centaur warrior shoots an arrow.
The arrow hits you!!
* * * LOW HITPOINT WARNING * * *
Your Axes skill increases to level 9!
Your Armour skill increases to level 8!
Your Invocations skill increases to level 7!
Unknown command.
Unknown command.
Unknown command.
Unknown command.
The centaur warrior unwields a +0 shortbow.
The centaur warrior hits you!
* * * LOW HITPOINT WARNING * * *
The centaur warrior kicks you but does no damage.
The centaur warrior hits you.
* * * LOW HITPOINT WARNING * * *
The centaur warrior kicks you.
You die...

▓+▓
▓.▓
▓@▓
▓c▓
▓O▓
▓C▓
▓o▓
▓D▓
▓.▓
▓.▓
▓.▓


You could see an eight-headed hydra, a centaur warrior, a two-headed ogre, a
cyclops and an orc wizard (invisible).

Vanquished Creatures
  An ugly thing (D)
  A kobold demonologist (D)
  An unseen horror (D)
  A komodo dragon (D)
  A wyvern (D)
  2 centaurs (D)
  A kobold brigand (D)
  A necrophage (D)
  A hound (D)
  An iguana (D)
  An adder (D)
  A dart slug (D)
  A giant cockroach (D)
  A ball python (D)
  A goblin (D)
  A rat (D)
17 creatures vanquished.

Notes
Turn   | Place    | Note
-------+----------+-------------------------------------------
     0 | D        | Groucho the Naga Fighter began the quest for the Orb.
     0 | D        | Reached XP level 1. HP: 21/21 MP: 1/1
   594 | D        | Noticed a centaur
   594 | D        | Noticed a hound
   594 | D        | Noticed an iguana
   594 | D        | Noticed a necrophage
   606 | D        | Killed a necrophage
   607 | D        | Reached XP level 2. HP: 31/31 MP: 2/2
   607 | D        | Reached XP level 3. HP: 38/38 MP: 3/3
   607 | D        | Reached XP level 4. HP: 45/45 MP: 4/4
   610 | D        | Reached skill level 5 in Fighting
   624 | D        | Reached skill level 5 in Axes
   624 | D        | Reached skill level 5 in Shields
   624 | D        | Reached XP level 5. HP: 45/54 MP: 5/5
   638 | D        | Killed a centaur
   639 | D        | Reached skill level 5 in Armour
  1108 | D        | Found a snail-covered altar of Cheibriados.
  1108 | D        | Found a shadowy altar of Dithmenos.
  1108 | D        | Found a white marble altar of Elyvilon.
  1108 | D        | Found a blossoming altar of Fedhas.
  1108 | D        | Found an opulent altar of Gozag.
  1109 | D        | Found a hazy altar of Hepliaklqana.
  1110 | D        | Found a viscous altar of Jiyva.
  1111 | D        | Found an ancient bone altar of Kikubaaqudgha.
  1112 | D        | Became a worshipper of Cheibriados the Contemplative
  1113 | D        | Found a corrupted altar of Lugonu.
  1114 | D        | Found a burning altar of Makhleb.
  1115 | D        | Found a sparkling altar of Nemelex Xobeh.
  1116 | D        | Found an iron altar of Okawaru.
  1117 | D        | Found a stormy altar of Qazlal.
  1118 | D        | Found a sacrificial altar of Ru.
  1119 | D        | Found a shimmering blue altar of Sif Muna.
  1120 | D        | Found a bloodstained altar of Trog.
  1121 | D        | Found a hide-covered altar of Uskayaw.
  1122 | D        | Found a radiant altar of Vehumet.
  1123 | D        | Found an ornate altar of the Wu Jian Council.
  1124 | D        | Found a shimmering altar of Xom.
  1125 | D        | Found a basalt altar of Yredelemnul.
  1126 | D        | Found a glowing silver altar of Zin.
  1127 | D        | Found a glowing golden altar of the Shining One.
  1182 | D        | Noticed a kobold brigand
  1182 | D        | Noticed a wyvern
  1182 | D        | Noticed an unseen horror
  1182 | D        | Noticed a komodo dragon
  1182 | D        | Noticed a kobold demonologist
  1182 | D        | Noticed a centaur
  1187 | D        | Killed a centaur
  1188 | D        | Reached XP level 6. HP: 55/63 MP: 5/7
  1194 | D        | Killed a kobold demonologist
  1194 | D        | Reached * piety under Cheibriados
  1195 | D        | Reached XP level 7. HP: 62/74 MP: 5/10
  1199 | D        | Killed a komodo dragon
  1199 | D        | Reached ** piety under Cheibriados
  1200 | D        | Reached skill level 5 in Invocations
  1203 | D        | Killed an unseen horror
  1204 | D        | Reached XP level 8. HP: 35/84 MP: 7/12
  1207 | D        | Killed a wyvern
  1207 | D        | Reached *** piety under Cheibriados
  1532 | D        | Noticed a green ugly thing
  1532 | D        | Noticed a centaur warrior
  1532 | D        | Noticed a two-headed ogre
  1532 | D        | Noticed a cyclops
  1532 | D        | Noticed a six-headed hydra
  1547 | D        | Killed a green ugly thing
  1547 | D        | Reached **** piety under Cheibriados
  1548 | D        | HP: 2/86 [centaur warrior (6)]
  1548 | D        | Slain by a centaur warrior

Illustrated notes

Levels and vault maps discovered:
D:        linesprint [early_d, line_temple, items_1, d_10, items_2, lair_1,
          lair_end, items_3, orc_1, orc_end, items_4, d_15, swamp_1, shoals_1,
          snake_1, spider_1, d_20, vaults_1, items_5, swamp_end, shoals_end,
          snake_end, spider_end, vaults_end, d_27, items_6, zot_1, zot_end,
          crypt_end, forest_end, elf_end, slime_end, tomb_end, abyss_end,
          pan_hell_end]

Skill      XL: |  1  2  3  4  5  6  7  8 |
---------------+-------------------------+-----
Shields        | 4 5 6 7 8 |  8.9
Fighting       | 4 5 6 8 9 |  9.7
Axes           | 4 5 6 7 8 9 |  9.4
Armour         | 4 5 6 7 8 |  8.1
Invocations    | 2 4 6 7 |  7.6

Action                   |  1- 3 |  4- 6 |  7- 9 || total
-------------------------+-------+-------+-------++-------
Melee: War axe           |    33 |    29 |       ||    62
       Broad axe         |       |     9 |    29 ||    38
  Use: Potion            |     1 |     4 |     2 ||     7
       Scroll            |       |       |     1 ||     1
 Stab: Invisible         |       |     1 |     1 ||     2
Armor: Scale mail        |    12 |    17 |       ||    29
       Plate armour      |       |     8 |    14 ||    22
Dodge: Dodged            |     8 |    22 |    19 ||    49
Block: Buckler           |     7 |    11 |     8 ||    26
